 Dungeon Crawl Stone Soup version 0.31.0-9-g3a7656b989 (webtiles) character file.

Game seed: 16377308495174189201

138 qw the Skirmisher (level 5, 0/29 HPs)
             Began as a Deep Elf Hunter on Feb 2, 2024.
             Killed from afar by a white imp (6 damage)
             ... with a puff of frost
             ... on level 6 of the Dungeon.
             The game lasted 00:00:06 (1646 turns).

qw the Skirmisher (Deep Elf Hunter)                 Turns: 1646, Time: 00:00:07

Health: 0/29       AC:  5    Str: 10    XL:     5   Next: 1%
Magic:  7/7        EV: 11    Int: 14    God:
Gold:   49         SH:  0    Dex: 18    Spells: 4/4 levels left

rFire   . . .        a - +0 shortbow
rCold   . . .        (shield currently unavailable)
rNeg    . . .        d - +0 ring mail
rPois   .            (no helmet)
rElec   .            (no cloak)
rCorr   .            (no gloves)
SInv    .            (no boots)
Will    .....        (no amulet)
Stlth   +            (no ring)
HPRegen 0.24/turn    (no ring)
MPRegen 0.10/turn

%: no passive effects
@: no status effects
A: no striking features
a: no special abilities


You were on level 6 of the Dungeon.
You visited 1 branch of the dungeon, and saw 4 of its levels.

You collected 157 gold pieces.
You spent 108 gold pieces at shops.


   Skills:
 - Level 1.5 Fighting
 + Level 8.4 Ranged Weapons
 - Level 2.4 Dodging
 - Level 1.2 Stealth


You had 4 spell levels left.
You didn't know any spells.
Your spell library was empty.

Inventory:

Hand Weapons
 a - a +0 shortbow (weapon)
Armour
 d - a +0 ring mail (worn)
Scrolls
 b - a scroll of immolation {unknown}
Potions
 c - a potion of haste {unknown}
 e - a potion of resistance {unknown}
 i - a potion of invisibility {unknown}
 j - 4 potions of curing
 l - a potion of heal wounds {unknown}
 m - a potion of berserk rage {unknown}

Dungeon Overview and Level Annotations

Branches:
Dungeon (3/15)

Altars:

Shops:
D:2 !   D:3 [


Message History

The arrow hits the white imp but does no damage.
The bullfrog barely misses you. The bullfrog hits you.
You shoot an arrow. The arrow hits the bullfrog.
The bullfrog is almost dead.
The bullfrog misses you. The bullfrog hits you.
You shoot an arrow. The arrow hits the bullfrog.
You kill the bullfrog!
The white imp gestures at you. The puff of frost hits you!
Your Ranged Weapons skill increases to level 8!
You have reached level 5!
You shoot an arrow. The arrow hits the white imp.
The white imp is moderately wounded.
You shoot an arrow. The arrow hits the white imp.
The white imp is heavily wounded.
The white imp barely misses you.
You shoot an arrow.
The arrow hits the white imp but does no damage.
The white imp is heavily wounded.
The white imp gestures at you. The puff of frost misses you.
You shoot an arrow. The arrow hits the white imp.
The white imp is heavily wounded.
The white imp shouts, "Take thy face hence, thou unhinged beetle-headed pumpion!"
The white imp hits you. The white imp freezes you.
You shoot an arrow.
The arrow hits the white imp but does no damage.
The white imp is heavily wounded.
The white imp barely misses you.
You shoot an arrow. The arrow closely misses the white imp.
The white imp closely misses you.
You shoot an arrow.
The arrow hits the white imp but does no damage.
The white imp is heavily wounded.
The white imp gestures at you. The puff of frost hits you.
You shoot an arrow. The arrow closely misses the white imp.
The white imp gestures at you. The puff of frost hits you.
You die...

#.....#?.# ...
#.(...#..# ...
+.....#..# ...
#.....+..#
#..#.....#..#
.##..##....#..####
......#....'.....#
......5....#...[.#
######@...#..##.#
#.........#..##.#
#.........#.....#
+.........#.....#
#.........#..####
##....#+###..##.#
#....#.........#
#....+..##..##.#
#....#. #..# #


You could see a white imp.

Vanquished Creatures
  A bullfrog (D:6)
  2 adders (D:2)
  A ribbon worm (D:2)
  5 orcs (D:3)
  7 ball pythons
  2 endoplasms (D:2)
  2 giant cockroaches
  4 goblins
  4 hobgoblins (D:2)
  6 jackals (D:1)
  A kobold (D:2)
  2 quokkas
  4 bats (D:1)
  2 frilled lizards
  2 rats
45 creatures vanquished.

Notes
Turn   | Place    | Note
-------+----------+-------------------------------------------
     0 | D:1      | qw the Deep Elf Hunter began the quest for the Orb.
     0 | D:1      | Reached XP level 1. HP: 12/12 MP: 3/3
     0 | D:1      | 0 ||| qw: Version: 0.3-a-155-g5e7d8dd
     0 | D:1      | 0 ||| qw: Game counter: 274
     0 | D:1      | 0 ||| qw: Melee chars always use a shield: true
     0 | D:1      | 0 ||| qw: God list: Okawaru
     0 | D:1      | 0 ||| qw: Allow faded altars: false
     0 | D:1      | 0 ||| qw: Do Orc after clearing Dungeon:15 true
     0 | D:1      | 0 ||| qw: Do second Lair branch before Depths: true
     0 | D:1      | 0 ||| qw: Lair rune preference: random
     0 | D:1      | 0 ||| qw: Goals: Normal
     0 | D:1      | 0 ||| PLANNING D:1-11
    95 | D:1      | Reached XP level 2. HP: 16/16 MP: 4/4
   106 | D:1      | Reached skill level 6 in Ranged Weapons
   491 | D:1      | 491 ||| UPGRADING to +0 ring mail.
   501 | D:1      | 501 ||| DROPPING +0 leather armour.
   502 | D:1      | 502 ||| DROPPING amulet of magic regeneration.
   503 | D:1      | 503 ||| READING scroll labelled ONUSTO ZEBANGI.
   504 | D:1      | 504 ||| DROPPING scroll of butterflies.
   615 | D:2      | Reached XP level 3. HP: 20/20 MP: 5/5
   815 | D:2      | Reached skill level 7 in Ranged Weapons
   937 | D:2      | Found Qies's Distillery.
   944 | D:2      | 944 ||| BUYING potion of curing (36 gold).
   944 | D:2      | Bought a potion of curing for 36 gold pieces
   944 | D:2      | 944 ||| BUYING potion of curing (36 gold).
   944 | D:2      | Bought a potion of curing for 36 gold pieces
   944 | D:2      | 944 ||| BUYING potion of curing (36 gold).
   944 | D:2      | Bought a potion of curing for 36 gold pieces
   944 | D:2      | 944 ||| SHOPLISTING potion of heal wounds (60 gold, have
                  | 22).
   944 | D:2      | 944 ||| SHOPLISTING potion of might (48 gold, have 22).
  1429 | D:2      | 1429 ||| DROPPING ring of flight.
  1430 | D:2      | 1430 ||| DROPPING ring of wizardry.
  1431 | D:2      | 1431 ||| READING scroll labelled LAGOIXOPLI.
  1432 | D:2      | 1432 ||| READING scroll labelled OCYEM IDAS.
  1433 | D:2      | 1433 ||| READING scroll labelled PUIZO CYEKYVEN.
  1505 | D:3      | Reached XP level 4. HP: 19/25 MP: 6/6
  1597 | D:3      | Found Wotoefol's Antique Armour Emporium.
  1600 | D:3      | You fall into a shaft and drop 3 floors!
  1631 | D:6      | Noticed a bullfrog
  1638 | D:6      | Killed a bullfrog
  1639 | D:6      | Reached skill level 8 in Ranged Weapons
  1639 | D:6      | Reached XP level 5. HP: 10/29 MP: 7/7
  1642 | D:6      | HP: 6/29 [white imp (3)]
  1646 | D:6      | Killed from afar by a white imp

Levels and vault maps discovered:
D:1:      scummos_arrival_hexagon, layout_rooms, grunt_decor_mini_mirrors,
          roderic_roman_lattice
D:2:      layout_basic, serial_shops, shop, reono_crystal_passage,
          grunt_ministairs_13
D:3:      layout_basic, chequers_temple_overflow_statue_of_worship,
          hellmonk_ecumenical_altar_heavens_door, serial_shops,
          nicolae_shop_peninsula, nicolae_shop_hallway_stairs
D:6:      layout_gridville, minmay_temple_entry_statues_fountains,
          abandoned_shop, patterned_corridor

Skill      XL: |  1  2  3  4 |
---------------+-------------+-----
Ranged Weapons | 6 7 8 |  8.4
Fighting       | |  1.5
Dodging        | |  2.4
Stealth        | |  1.2

Action                     |  1- 3 |  4- 6 || total
---------------------------+-------+-------++-------
   Fire: Shortbow          |   109 |    19 ||   128
    Use: Scroll            |     4 |       ||     4
 Armour: Leather armour    |    10 |       ||    10
         Ring mail         |     9 |    11 ||    20
  Dodge: Dodged            |    21 |     9 ||    30

Table legend:
 A = Non-vault XP
 B = Vault XP
 C = Vault XP percentage of total XP
 D = Non-vault monster count
 E = Vault monster count
 F = Vault count percentage of total count
                 A         B        C        D         E       F
            +---------+---------+-------+---------+---------+-------
      Total |     195 |       3 |   1.5 |      43 |       2 |   4.4
            +---------+---------+-------+---------+---------+-------
        D:1 |      35 |       0 |   0.0 |      22 |       0 |   0.0
        D:2 |      52 |       3 |   5.5 |      15 |       2 |  11.8
        D:3 |      15 |       0 |   0.0 |       5 |       0 |   0.0
        D:6 |      93 |       0 |   0.0 |       1 |       0 |   0.0
            +---------+---------+-------+---------+---------+-------
